AoeStats
← Cuis Manicero

Arena

507659345Analyzed
4v4 RM · 14d ago on Sep 19, 2026· 41m 37s· 8 players
Game mode
Random Map
Map size
Large (8 player)
Population
200
Speed
Normal
Resources
Standard
Victory
Conquest
Starting age
Dark Age
Ending age
Imperial Age
RankedLock teamsTeams togetherTeam positionsShared explorationLock speedFull tech treeHidden civsTurbo modeCheats
Victory
Defeat
🇨🇴 Muisca · Colombia
1549
+13
🇦🇷 Persians · Argentina
1513
+14
🇦🇷 Bohemians · Argentina
1377
+20
🇦🇷 Franks · Argentina
1366
+20
🇨🇳 Bohemians · China
1480
-17
🇨🇳 Georgians · China
1478
-17
🇨🇳 Wu · China
1465
-17
🇦🇺 Persians · Australia
1444
-16
Big Lez
逝
0:31 Loom
8:24 Feudal Age
10:20 Wheelbarrow
9:55 Double-Bit Axe
15:28 Castle Age
14:26 Horse Collar
17:01 Bow Saw
17:09 Heavy Plow
22:19 Gold Mining
22:22 Stone Mining
22:19 Loom
26:18 Stone Shaft Mining
30:20 Imperial Age
27:39 Town Watch
28:27 Scale Barding Armor
28:51 Hand Cart
29:55 Chain Barding Armor
29:46 Forging
30:59 Bloodlines
30:49 Husbandry
31:28 Iron Casting
31:36 Conscription
31:41 Elite Monaspa
33:08 Plate Barding Armor
34:02 Blast Furnace
34:56 Hoardings
35:48 Aznauri Cavalry
37:09 Fortified Wall
36:40 Treadmill Crane
37:21 Ballistics
37:11 Masonry
2067
10:20 Feudal Age
11:14 Double-Bit Axe
11:59 Loom
14:18 Castle Age
12:25 Horse Collar
13:57 Man-at-Arms
15:14 Bow Saw
14:41 Long Swordsman
17:38 Loom
17:41 Town Watch
20:46 Squires
20:56 Loom
21:40 Scale Mail Armor
21:51 Forging
22:20 Arson
24:00 Chain Mail Armor
24:34 Forging
972770991
11:00 Feudal Age
12:36 Double-Bit Axe
15:05 Castle Age
13:29 Horse Collar
26:59 Imperial Age
27:16 Chemistry
26:31 Bow Saw
27:05 Padded Archer Armor
33:35 Wheelbarrow
33:53 Scale Mail Armor
34:03 Forging
33:45 Pikeman
35:31 Halberdier
39:41 Squires
40:00 Chain Mail Armor
40:20 Iron Casting
Destruidora de Sueño
10:06 Feudal Age
13:59 Castle Age
12:27 Double-Bit Axe
15:25 Horse Collar
21:48 Heavy Plow
22:32 Bow Saw
23:55 Wheelbarrow
23:44 Loom
24:58 Stone Mining
25:47 Gold Mining
27:37 Husbandry
30:27 Imperial Age
28:43 Hand Cart
28:43 Bloodlines
28:40 Scale Barding Armor
28:46 Forging
30:37 Chain Barding Armor
31:12 Gold Shaft Mining
31:25 Conscription
30:34 Elite War Elephant
32:54 Plate Barding Armor
33:02 Iron Casting
33:28 Stone Shaft Mining
34:56 Blast Furnace
34:40 Town Watch
36:02 Crop Rotation
36:56 Fletching
37:28 Ballistics
39:23 Citadels
40:00 Murder Holes
41:46 Bodkin Arrow
Pablete
11:11 Feudal Age
12:00 Loom
14:54 Castle Age
13:16 Loom
14:31 Gold Mining
21:24 Double-Bit Axe
24:13 Wheelbarrow
26:10 Bow Saw
29:18 Imperial Age
26:59 Scale Barding Armor
27:05 Forging
27:34 Gold Shaft Mining
26:49 Stone Mining
29:39 Chain Barding Armor
29:55 Iron Casting
29:29 Husbandry
30:02 Ballistics
29:53 Masonry
29:55 Town Watch
30:28 Hand Cart
30:05 Fletching
31:21 Chemistry
30:21 Murder Holes
30:35 Siege Engineers
30:10 Cavalier
32:35 Plate Barding Armor
34:04 Blast Furnace
35:30 Paladin
Cuis Manicero
10:01 Feudal Age
13:48 Castle Age
12:48 Double-Bit Axe
20:55 Wheelbarrow
21:01 Fervor
21:05 Bow Saw
20:41 Horse Collar
22:21 Hand Cart
23:48 Sanctity
32:36 Wagenburg Tactics
37:15 Imperial Age
36:56 Chemistry
37:34 Heavy Plow
37:31 Pikeman
38:13 Squires
38:14 Scale Mail Armor
38:24 Forging
39:31 Chain Mail Armor
39:48 Treadmill Crane
40:48 Iron Casting
39:37 Halberdier
40:03 Arson
40:44 Conscription
40:48 Hussite Reforms
Rabanito
11:28 Feudal Age
15:02 Castle Age
12:56 Double-Bit Axe
12:51 Horse Collar
16:07 Bow Saw
15:58 Heavy Plow
16:49 Gold Mining
16:58 Loom
18:47 Redemption
19:40 Sanctity
23:42 Wheelbarrow
24:11 Town Watch
26:31 Gold Shaft Mining
25:46 Stone Mining
27:23 Hand Cart
30:34 Imperial Age
29:29 Champi Runner
30:54 Stone Shaft Mining
30:26 Town Patrol
31:17 Squires
30:42 Capped Ram
33:14 Champi Warrior
34:52 Crop Rotation
35:23 Two-Man Saw
36:24 Block Printing
36:05 Herbal Medicine
36:49 Theocracy
36:40 Illumination
Connection lost

Rejoining the realm…

Still unreachable

The connection could not be restored.

Session expired

The server has moved on; the page needs a fresh start.